 Dungeon Crawl Stone Soup version 0.31.0-4-g52a2dc7128 (webtiles) character file.

Game seed: 265105129372224884

25 Gottschkopf the Covered (level 2, 0/28 HPs)
             Began as a Minotaur Fighter on Jan 22, 2024.
             Succumbed to an adder's poison
             ... on level 2 of the Dungeon.
             The game lasted 00:01:00 (353 turns).

Gottschkopf the Covered (Minotaur Fighter)           Turns: 353, Time: 00:01:00

Health: 0/28       AC:  7    Str: 20    XL:     2   Next: 86%
Magic:  1/1        EV:  9    Int:  5    God:
Gold:   49         SH:  4    Dex:  9    Spells: 1/1 levels left

rFire   . . .        a - +0 long sword
rCold   . . .        c - +0 buckler
rNeg    . . .        b - +0 scale mail
rPois   .            (helmet restricted)
rElec   .            (no cloak)
rCorr   .            (no gloves)
SInv    .            (no boots)
Will    .....        (no amulet) Stlth
                     (no ring)
HPRegen 0.24/turn    (no ring)
MPRegen 0.07/turn

%: no passive effects
@: lethally poisoned (0 -> 0)
A: horns 2, retaliatory headbutt
a: no special abilities


You were on level 2 of the Dungeon.
You visited 1 branch of the dungeon, and saw 2 of its levels.

You collected 49 gold pieces.

Inventory:

Hand Weapons
 a - a +0 long sword (weapon)
Missiles
 e - 6 boomerangs (quivered)
Armour
 b - a +0 scale mail (worn)
 c - a +0 buckler (worn)
Scrolls
 f - a scroll of enchant weapon {unknown}
 h - a scroll of teleportation {unknown}
Potions
 d - a potion of might
 g - a potion of heal wounds {unknown}


   Skills:
 + Level 4.3 Fighting
 - Level 2.4 Long Blades
 + Level 4.4 Armour
 - Level 3.6 Shields


You had one spell level left.
You didn't know any spells.
Your spell library was empty.

Dungeon Overview and Level Annotations

Branches:
Dungeon (1/15)

Altars:
Yredelemnul


Innate Abilities, Weirdness & Mutations

You have a pair of horns on your head.
You reflexively headbutt those who attack you in melee.


Message History

The adder poisons you! The adder closely misses you.
The adder barely misses you.
You miss the adder.
You feel sick. The adder bites you but does no damage. The adder bites you.
You are more poisoned.
The adder poisons you! The adder bites you. You block the adder's attack.
You slash the adder! Your headbutt misses the adder.
The adder is almost dead.
You feel sick. The adder bites you but does no damage. The adder bites you.
The adder bites you but does no damage.
You are too injured to fight recklessly!
You are too injured to fight recklessly!
You are too injured to fight recklessly!
You are too injured to fight recklessly!
You hit the adder.
You kill the adder!
You feel sick. The adder bites you.
You are more poisoned.
The adder poisons you! You block the adder's attack.
You hit the adder but do no damage.
* * * LOW HITPOINT WARNING * * *
You feel very sick. The adder closely misses you. You furiously retaliate!
You headbutt the adder, but do no damage.
The adder bites you but does no damage.
You barely miss the adder.
* * * LOW HITPOINT WARNING * * *
You feel sick. The adder barely misses you.
You barely miss the adder.
You feel sick.
The adder bites you but does no damage. x2
You closely miss the adder.
You feel sick. The adder bites you.
* * * LOW HITPOINT WARNING * * *
The adder closely misses you. You furiously retaliate!
You headbutt the adder! You barely miss the adder. You headbutt the adder.
The adder is almost dead.
* * * LOW HITPOINT WARNING * * *
You feel sick. You block the adder's attack.
You hit the adder.
You kill the adder!
You die...

........#.#
.###.##..#....
.#..........#
#.#..........#
##.#..........##.
#..#...........!.
#..............#
#........@.....#
#.._...#####.#...
##.....##
##......#
##.....###
#.......#
#.......#
#.......#
##.....##


There were no monsters in sight!

Vanquished Creatures
  2 adders (D:2)
  3 ball pythons (D:1)
  2 bats (D:1)
  3 endoplasms (D:1)
  A goblin (D:1)
  A hobgoblin (D:2)
  4 frilled lizards (D:1)
  2 rats (D:1)
18 creatures vanquished.

Notes
Turn   | Place    | Note
-------+----------+-------------------------------------------
     0 | D:1      | Gottschkopf the Minotaur Fighter began the quest for the
                  | Orb.
     0 | D:1      | Reached XP level 1. HP: 19/19 MP: 0/0
   177 | D:1      | Reached XP level 2. HP: 27/27 MP: 1/1
   310 | D:1      | You fall into a shaft and drop 1 floor!
   310 | D:2      | Found a basalt altar of Yredelemnul.
   352 | D:2      | HP: 1/28 [poisoned by an adder]
   353 | D:2      | Succumbed to an adder's poison

Illustrated notes

Levels and vault maps discovered:
D:1:      amcnicky_arrival_gap_in_the_tavern_cellar, layout_basic
D:2:      layout_rooms, shapermc_ecumenical_altar_mp_highgroup, basic_altar

Skill      XL: |  1 |
---------------+----+-----
Fighting       | 4 |  4.3
Armour         | 4 |  4.4
Long Blades    | |  2.4
Shields        | |  3.6

Action                     || total
---------------------------++-------
  Melee: Long sword        ||    46
         Headbutt          ||     3
 Armour: Scale mail        ||    32
  Dodge: Dodged            ||    22
  Block: Buckler           ||    10
